 Dungeon Crawl Stone Soup version 0.28.0-61-g67df4f89a8 (webtiles) character file.

Game seed: 5094674196308239296

17 NotaViper the Ducker (level 2, -2/24 HPs)
             Began as a Ghoul Gladiator on Feb 13, 2023.
             Slain by a hobgoblin (3 damage)
             ... on level 1 of the Dungeon.
             The game lasted 00:02:12 (537 turns).

NotaViper the Ducker (Ghoul Gladiator)               Turns: 537, Time: 00:02:13

Health: -2/24      AC:  4    Str: 17    XL:     2   Next: 62%
Magic:  1/1        EV: 12    Int:  3    God:
Gold:   36         SH:  0    Dex: 10    Spells: 1/1 levels left

rFire   . . .      SeeInvis .   a - +0 long sword
rCold   + . .      Faith    .   (no shield)
rNeg    + + +      Spirit   .   b - +0 leather armour
rPois   ∞          Reflect  .   c - +0 helmet
rElec   .          Harm     .   (no cloak)
rCorr   .          Rampage  .   (no gloves)
Will    .....                   (no boots)
Stlth   +.........              (no amulet)
HPRegen 0.00/turn               (no ring)
MPRegen 0.07/turn               (no ring)

@: inhibited regen
A: claws 1, cold resistance 1, negative energy resistance 3, inhibited
regeneration, torment resistance 2
a: no special abilities


You were on level 1 of the Dungeon.
You visited 1 branch of the dungeon, and saw 1 of its levels.

You collected 36 gold pieces.

Inventory:

Hand Weapons
 a - a +0 long sword (weapon)
 f - a +0 dagger
 g - a +0 spear
 i - a +0 dagger
 k - a +0 dagger
 n - a +0 short sword
Missiles
 d - 3 throwing nets (quivered)
 j - 25 stones
 l - 22 sling bullets
Armour
 b - a +0 leather armour (worn)
 c - a +0 helmet (worn)
Scrolls
 h - a scroll of identify {unknown}
 m - a scroll of brand weapon {unknown}
Potions
 e - a potion of magic {unknown}


   Skills:
 + Level 2.2 Fighting
 + Level 3.1 Long Blades
 + Level 1.8 Throwing
 + Level 3.1 Dodging


You had one spell level left.
You didn't know any spells.
Your spell library contained the following spells:

 Spells                   Type           Power      Damage    Failure   Level
 Slow                     Hex            0%         N/A       58%         1
 Poisonous Vapours        Pois/Air       0%         N/A       75%         2


Dungeon Overview and Level Annotations

Branches:
Dungeon (1/15)

Altars:


Innate Abilities, Weirdness & Mutations

You thrive by killing the living.
You are immune to poison.
You have sharp fingernails.
Your flesh is cold resistant. (rC+)
You are immune to negative energy. (rN+++)
You do not regenerate when monsters are visible.
You are immune to unholy pain and torment.


Message History

You feel better. The giant cockroach misses you.
You hit the giant cockroach but do no damage.
The giant cockroach barely misses you.
You hit the giant cockroach.
You kill the giant cockroach!
You pick up the Almanac of the Floating Oath and begin reading...
You add the spells Slow and Poisonous Vapours to your library.
j - 25 stones (gained 3)
You see here a +0 short sword.
n - a +0 short sword
Found an escape hatch in the floor.
A hobgoblin comes into view.
The hobgoblin shouts!
You hear a shout!
A gnoll comes into view. It is wielding a +0 whip.
The gnoll shouts!
The hobgoblin enters a dispersal trap!
The gnoll blinks! x3; You blink.
The hobgoblin blinks!
The hobgoblin closely misses you. The gnoll hits you with a +0 whip.
You completely miss the hobgoblin. The hobgoblin hits you.
The gnoll barely misses you. The hobgoblin barely misses you.
The gnoll hits you with a +0 whip.
You closely miss the hobgoblin.
The hobgoblin hits you but does no damage.
The gnoll barely misses you.
You hit the hobgoblin.
The hobgoblin is lightly wounded.
The hobgoblin hits you.
* * * LOW HITPOINT WARNING * * *
The gnoll barely misses you.
You barely miss the hobgoblin.
The hobgoblin is lightly wounded.
The hobgoblin hits you.
* * * LOW HITPOINT WARNING * * *
The gnoll closely misses you.
You barely miss the hobgoblin.
The hobgoblin is lightly wounded.
The hobgoblin hits you.
* * * LOW HITPOINT WARNING * * *
The gnoll closely misses you. The hobgoblin hits you.
You die...

............#
#.....#.#
............#
#.......#
............#######
#.....#####
............#.....#
#..††># ##.
............#.....#
#.....# #..
............#.....#
#.....# #..
............#.....#
#.....# #..
..................#
#.....# #..
#########...>..^@.#
#.....# #..
#.......gg# #.....#
#.. #.........#
#.....# #..
#.........# #.....#
#.. #####.....#
#.....# #.. #.....#
####### #.. #.....#
#.. #.....# #.. ###


You could see a gnoll and a hobgoblin.

Vanquished Creatures
  A dart slug (D:1)
  A giant cockroach (D:1)
  3 goblins (D:1)
  A quokka (D:1)
  A ball python (D:1)
  3 frilled lizards (D:1)
  4 kobolds (D:1)
  A rat (D:1)
15 creatures vanquished.

Notes
Turn   | Place    | Note
-------+----------+-------------------------------------------
     0 | D:1      | NotaViper the Ghoul Gladiator began the quest for the Orb.
     0 | D:1      | Reached XP level 1. HP: 17/17 MP: 0/0
   133 | D:1      | Reached XP level 2. HP: 21/24 MP: 1/1
   508 | D:1      | Got the Almanac of the Floating Oath
   537 | D:1      | HP: 1/24 [hobgoblin (4)]
   537 | D:1      | Slain by a hobgoblin

Illustrated notes

Levels and vault maps discovered:
D:1:      ncdulo_smallfort, layout_basic, nrook_campfire

Skill      XL: |  1  2 |
---------------+-------+-----
Dodging        | 3 |  3.1
Long Blades    | 3 |  3.1
Fighting       | |  2.2
Throwing       | |  1.8

Action                   || total
-------------------------++-------
Melee: Long sword        ||    45
Armor: Leather armour    ||    15
Dodge: Dodged            ||    34
